AoeStats
← [SEID] Mentor

African Clearing

506970153Analyzed
2v2 RM · 15d ago on Sep 16, 2026· 53m 32s· 4 players
Game mode
Random Map
Map size
Medium (4 player)
Population
200
Speed
Normal
Resources
Standard
Victory
Conquest
Starting age
Dark Age
Ending age
Imperial Age
RankedLock teamsTeams togetherTeam positionsShared explorationLock speedFull tech treeHidden civsTurbo modeCheats
Victory
Defeat
🇦🇷 Vietnamese · Argentina
1592
+11
🇦🇷 Persians · Argentina
1531
+14
🇺🇸 Celts · United States
1491
-13
🇹🇷 Sicilians · Türkiye
1464
-12
funk
13:43 Feudal Age
12:55 Loom
16:03 Double-Bit Axe
19:33 Castle Age
27:50 Bow Saw
30:03 Horse Collar
32:12 Wheelbarrow
34:57 Hand Cart
39:50 Imperial Age
37:19 Gold Mining
37:22 Fletching
37:34 Padded Archer Armor
37:45 Heavy Plow
38:36 Gold Shaft Mining
38:40 Bodkin Arrow
39:48 Leather Archer Armor
39:18 Elite Skirmisher
40:29 Scale Barding Armor
40:34 Forging
40:46 Bloodlines
40:54 Bracer
41:39 Crop Rotation
42:23 Chain Barding Armor
42:13 Forging
42:48 Husbandry
42:09 Cavalier
43:18 Ballistics
43:58 Chemistry
46:38 Arrowslits
47:18 Forging
47:08 Scale Mail Armor
48:04 Stone Mining
49:04 Plate Barding Armor
48:09 Cavalier
50:47 Murder Holes
53:41 Iron Casting
WavyDavyBby
9:38 Loom
17:16 Feudal Age
21:00 Castle Age
19:14 Scale Mail Armor
22:33 Wheelbarrow
24:01 Chain Mail Armor
30:44 Forging
31:38 Double-Bit Axe
31:42 Horse Collar
41:22 Fletching
42:10 Hand Cart
42:06 Town Watch
42:47 Bodkin Arrow
44:49 Iron Casting
[SEID] Aletheia
10:40 Loom
13:14 Feudal Age
17:02 Castle Age
14:52 Double-Bit Axe
15:20 Stone Mining
18:02 Bow Saw
17:58 Fletching
18:05 Gold Mining
25:04 Horse Collar
26:45 Wheelbarrow
27:16 Hand Cart
27:37 Ballistics
28:02 Stone Shaft Mining
27:40 Padded Archer Armor
28:00 Hand Cart
28:59 Bodkin Arrow
34:26 Imperial Age
34:03 Leather Archer Armor
35:06 Coinage
34:48 Scale Barding Armor
34:54 Forging
35:11 Bracer
34:37 Elite Rattan Archer
36:27 Ring Archer Armor
37:22 Chemistry
38:27 Forging
38:38 Chain Barding Armor
39:46 Iron Casting
38:36 Cavalier
39:12 Town Watch
40:29 Two-Man Saw
40:07 Banking
40:21 Paper Money
40:16 Bloodlines
40:10 Husbandry
41:04 Plate Barding Armor
40:38 Heavy Plow
[SEID] Mentor
3:29 Loom
31:19 Feudal Age
36:15 Castle Age
34:30 Double-Bit Axe
34:50 Horse Collar
44:45 Gold Mining
44:57 Heavy Plow
46:19 Bow Saw
46:49 Wheelbarrow
48:44 Hand Cart
51:20 Gold Shaft Mining
50:35 Stone Mining
53:23 Imperial Age
53:48 Scale Barding Armor
53:54 Forging
Connection lost

Rejoining the realm…

Still unreachable

The connection could not be restored.

Session expired

The server has moved on; the page needs a fresh start.